 Dungeon Crawl Stone Soup version 0.28-a0-1624-g820543e53a (webtiles) character file.

Game seed: 17758708947440454190

4977 bjtr the Arsonist (level 10, -1/96 HPs)
             Began as an Ogre Fire Elementalist on Jan 24, 2022.
             Was a Priest of Vehumet.
             Slain by Harold (2 damage)
             ... on level 8 of the Dungeon.
             The game lasted 00:45:21 (13628 turns).

bjtr the Arsonist (Ogre Fire Elementalist)         Turns: 13628, Time: 00:45:22

Health: -1/96      AC: 10    Str: 20    XL:     10   Next: 53%
Magic:  19/22      EV:  9    Int: 20    God:    Vehumet [***...]
Gold:   449        SH:  0    Dex:  9    Spells: 1/25 levels left

rFire   . . .      SeeInvis .   E - +1 executioner's axe (flame)
rCold   . . .      Faith    +   (shield currently unavailable)
rNeg    . . .      Spirit   .   M - quicksilver dragon scales
rPois   .          Reflect  .   (helmet restricted)
rElec   .          Harm     .   (no cloak)
rCorr   .          Rampage  .   (gloves unavailable)
Will    +++..                   (boots unavailable)
Stlth   +.........              C - amulet of faith
HPRegen 0.26/turn               p - ring of willpower
MPRegen 0.18/turn               Q - +6 ring of strength

@: about to teleport, hasted, very quick
A: large, unfitting armour, tough skin 1
a: Renounce Religion


You were on level 8 of the Dungeon.
You worshipped Vehumet.
Vehumet was most pleased with you.
You visited 2 branches of the dungeon, and saw 9 of its levels.
You also visited: Sewer.

You collected 449 gold pieces.

Inventory:

Hand Weapons
 h - a +0 vorpal hand axe
 w - a +0 flail
 y - a +1 short sword of holy wrath
 D - a +2 vampiric short sword
 E - a +1 executioner's axe of flaming (weapon)
 G - a +2 dagger of venom
 K - a +0 dagger of electrocution
 N - a +1 dagger of pain
 O - a +2 whip of venom
 R - a +0 hand crossbow
 S - a +0 spear of freezing
Missiles
 i - 51 sling bullets
 l - 64 bolts
 n - 31 poisoned darts
 o - 271 stones
 x - a curare-tipped dart
 J - 6 javelins
Armour
 a - a +0 robe
 M - quicksilver dragon scales (worn)
Jewellery
 c - a ring of willpower
 p - a ring of willpower (left hand)
 z - a ring of poison resistance
 C - an amulet of faith (around neck)
 Q - a +6 ring of strength (right hand)
Wands
 q - a wand of polymorph (12)
 B - a wand of acid (4)
 T - a wand of flame (35)
Scrolls
 d - 3 scrolls of magic mapping
 e - 2 scrolls of fog
Potions
 f - a potion of might {unknown}
 g - 6 potions of curing
 j - a potion of attraction {unknown}
 k - 3 potions of cancellation {unknown}
 m - 3 potions of degeneration {unknown}
 s - a potion of berserk rage {unknown}
 t - 2 potions of mutation {unknown}
 u - 2 potions of resistance
 v - 2 potions of invisibility {unknown}
 A - 2 potions of heal wounds {unknown}
 F - a potion of brilliance {unknown}
 H - 2 potions of flight {unknown}
 I - a potion of lignification {unknown}
 L - 4 potions of haste
 P - 2 potions of magic


   Skills:
 + Level 5.5 Fighting
 * Level 5.2 Axes
 + Level 3.6 Dodging
 - Level 1.4 Stealth
 + Level 8.4 Spellcasting
 * Level 4.8 Conjurations
 * Level 9.1 Fire Magic


You had one spell level left.
You knew the following spells:

 Your Spells              Type           Power      Damage    Failure   Level
a - Foxfire               Conj/Fire      100%       2x1d9     1%          1
b - Scorch                Fire           90%        2d10      1%          2
c - Conjure Flame         Conj/Fire      36%        6-21      1%          3
d - Inner Flame           Hex/Fire       26%        N/A       1%          3
e - Flame Wave            Conj/Fire      36%        2d9       2%          4
f - Fireball              Conj/Fire      18%        3d9       6%          5
g - Ignite Poison         Fire/Tmut/Pois 20%        N/A       3%          3
h - Mephitic Cloud        Conj/Pois/Air  14%        N/A       6%          3

Your spell library contained the following spells:

 Spells                   Type           Power      Damage    Failure   Level
 Slow                     Hex            32%        N/A       14%         1
 Iskenderun's Battlesphe  Conj           27%        2d8       14%         5
 Confusing Touch          Hex            8%         N/A       38%         3
 Vampiric Draining        Necr           8%         2d6       38%         3
 Conjure Ball Lightning   Conj/Air       9%         3x3d6     86%         6
 Orb of Destruction       Conj           13%        9d7       97%         7


Dungeon Overview and Level Annotations

Branches:
Dungeon (8/15)             Temple (1/1) D:5           Sewer (visited)
   Lair: D:8-11

Altars:
Cheibriados
Dithmenos
Elyvilon
Fedhas
Kikubaaqudgha
Makhleb
Qazlal
Trog
Uskayaw
Vehumet
Xom
Yredelemnul
Zin
The Shining One

Shops:
D:1 (   D:8 *

Annotations:
D:4 1 runed translucent door, innerfire433's ghost, amateur DjCA
D:6 3 runed translucent doors, jlumianski's ghost, amateur HOFE
D:8 Erica; Harold


Innate Abilities, Weirdness & Mutations

You are too large for most types of armour.
You have tough skin. (AC +1)


Message History

The yak is severely wounded.
The flame wave engulfs Harold!
Harold is lightly wounded. (Press . to intensify the flame waves.) Harold hits you with a +1 vorpal flail!
The yak gores you.
Unknown command.
A wave of flame ripples out!
The flame wave engulfs the yak!
The yak is burned terribly!
You kill the yak!
Vehumet accepts your kill.
You feel your power returning.
The flame wave engulfs the yak!
The yak is moderately wounded.
The flame wave engulfs Harold.
Harold is lightly wounded.
The flame wave engulfs the yak!
The yak is heavily wounded.
Harold yells, "I don't have all day!"
Harold hits you with a +1 vorpal flail!
* * * LOW HITPOINT WARNING * * *
x2 The yak gores you but does no damage.
A wave of flame ripples out!
The flame wave engulfs the yak.
The yak is heavily wounded.
The flame wave engulfs the yak!
The yak is heavily wounded.
The flame wave engulfs Harold.
Harold is lightly wounded.
The flame wave engulfs the yak!
The yak is moderately wounded.
You finish channelling waves of flame.
Harold completely misses you. The yak gores you!
* * * LOW HITPOINT WARNING * * *
The yak barely misses you.
Your surroundings seem slightly different.
You feel yourself speed up. Harold hits you with a +1 vorpal flail!
* * * LOW HITPOINT WARNING * * *
x2 You feel better.
As you read the scroll of teleportation, it crumbles to dust.
You feel strangely unstable. Harold hits you with a +1 vorpal flail!
* * * LOW HITPOINT WARNING * * *
You die...

#.# ######.. #.#
#....... #.#
#.###### #.#
#.....# #.###
#.###.## #...#
#.# #... ###.#.#
#.###.##
#.@Y#.### #.....#
#@#..∩†.###...###
#.###Y#.......#
#.# #.#####...#
#.. ..# #...#
####### ......
.#Y..### ......#
.###...# .# ##Y.#


You could see Harold and a yak.

Vanquished Creatures
  Prince Ribbit (D:6)
  2 yaks (D:8)
  6 humans (D:6)
  Eustachio (D:5)
  2 water moccasins
  Duvessa (D:5)
  An orc warrior (D:8)
  A black bear (D:6)
  3 ice beasts
  A centaur (D:6)
  A necrophage (D:7)
  A phantom (D:6)
  A kobold brigand (D:4)
  5 bullfrogs
  2 scorpions (D:6)
  A water moccasin zombie (D:5)
  3 water moccasin skeletons
  Dowan (D:5)
  A wight (D:8)
  4 centaur zombies
  A gnoll shaman (D:6)
  3 hounds
  2 jellies
  4 orc priests
  2 bullfrog skeletons (D:5)
  Ijyb (D:4)
  Natasha (thrice) (D:3)
  2 iguanas (D:5)
  11 gnolls
  A howler monkey zombie (D:7)
  8 adders
  15 river rats
  An ufetubus (D:4)
  2 adder skeletons (D:4)
  2 worms (D:6)
  2 dart slugs
  9 orcs
  8 ball pythons
  9 endoplasms
  3 giant cockroaches
  8 goblins
  9 hobgoblins
  4 quokkas
  5 bats
  5 frilled lizards
  40 kobolds
  38 rats
237 creatures vanquished.

Vanquished Creatures (collateral kills)
  A foxfire (D:4)
1 creature vanquished.

Vanquished Creatures (others)
  324 foxfires
  A fungus (D:6)
  61 plants
386 creatures vanquished.

Grand Total: 624 creatures vanquished

Notes
Turn   | Place    | Note
-------+----------+-------------------------------------------
     0 | D:1      | bjtr the Ogre Fire Elementalist began the quest for the
                  | Orb.
     0 | D:1      | Reached XP level 1. HP: 16/16 MP: 3/3
   192 | D:1      | Found Coij's Antique Weapon Shop.
   274 | D:1      | Reached XP level 2. HP: 23/26 MP: 0/5
   275 | D:1      | Reached skill level 1 in Conjurations
   279 | D:1      | Learned a level 2 spell: Scorch
   439 | D:1      | Reached skill level 1 in Fighting
   439 | D:1      | Reached skill level 3 in Fire Magic
   550 | D:1      | Found a faded altar of an unknown god.
   960 | D:2      | Reached XP level 3. HP: 33/33 MP: 3/7
   982 | D:2      | Identified the +1 chain mail of Inference {Rampage Slay+2}
  1185 | D:2      | Reached XP level 4. HP: 42/42 MP: 3/9
  1189 | D:2      | Learned a level 3 spell: Conjure Flame
  1193 | D:2      | Learned a level 3 spell: Inner Flame
  2251 | D:3      | Reached XP level 5. HP: 44/49 MP: 3/10
  2446 | D:3      | Found a burning altar of Makhleb.
  2873 | D:3      | Found a blossoming altar of Fedhas.
  2874 | D:3      | Found a basalt altar of Yredelemnul.
  2887 | D:3      | Noticed Natasha
  2897 | D:3      | Killed Natasha
  2985 | D:3      | Found a glowing silver altar of Zin.
  3412 | D:3      | Reached skill level 4 in Fire Magic
  3717 | D:3      | Reached XP level 6. HP: 59/59 MP: 9/12
  3773 | D:3      | Noticed Natasha
  3780 | D:3      | Killed Natasha
  4184 | D:4      | Learned a level 4 spell: Flame Wave
  4528 | D:4      | Reached skill level 5 in Spellcasting
  4531 | D:4      | Reached XP level 7. HP: 54/67 MP: 1/14
  4894 | D:4      | Noticed Ijyb
  4899 | D:4      | Killed Ijyb
  5352 | D:4      | Found a runed translucent door.
  5353 | D:4      | Noticed innerfire433's ghost (amateur DjCA)
  5906 | D:3      | Noticed Natasha
  5911 | D:3      | Killed Natasha
  6003 | D:5      | Entered Level 5 of the Dungeon
  6226 | D:5      | Reached skill level 5 in Fire Magic
  6544 | D:5      | Reached XP level 8. HP: 66/79 MP: 10/17
  6550 | D:5      | Learned a level 5 spell: Fireball
  6679 | D:5      | Found a staircase to the Ecumenical Temple.
  6684 | D:5      | Noticed Eustachio
  6691 | D:5      | Killed Eustachio
  6698 | Temple   | Entered the Ecumenical Temple
  6777 | Temple   | Became a worshipper of Vehumet
  7031 | D:5      | Noticed Duvessa
  7031 | D:5      | Noticed Dowan
  7037 | D:5      | Killed Duvessa
  7038 | D:5      | Reached skill level 6 in Fire Magic
  7039 | D:5      | Killed Dowan
  7819 | D:6      | Reached skill level 1 in Axes
  7834 | D:6      | Found a runed translucent gate.
  7835 | D:6      | Found a runed translucent gate.
  7836 | D:6      | Found a runed translucent gate.
  7836 | D:6      | Noticed a kobold demonologist
  7837 | D:6      | Noticed jlumianski's ghost (amateur HOFE)
  7847 | D:6      | Found a glowing drain.
  7926 | Sewer    | Entered a sewer
  7974 | Sewer    | Reached XP level 9. HP: 85/85 MP: 15/19
  8096 | Sewer    | Reached skill level 7 in Fire Magic
  8231 | Sewer    | Reached * piety under Vehumet
  8231 | Sewer    | Offered knowledge of Sandblast by Vehumet.
  8550 | Sewer    | Reached ** piety under Vehumet
  8552 | Sewer    | Offered knowledge of Static Discharge by Vehumet.
  9374 | D:6      | Reached skill level 5 in Fighting
  9484 | D:6      | Reached skill level 8 in Fire Magic
  9898 | D:6      | Noticed Prince Ribbit
  9911 | D:6      | Offered knowledge of Ignite Poison by Vehumet.
 10136 | D:6      | Killed Prince Ribbit
 10137 | D:6      | Reached XP level 10. HP: 61/96 MP: 13/22
 10276 | D:6      | Learned a level 3 spell: Ignite Poison
 10321 | D:6      | Reached *** piety under Vehumet
 11229 | D:7      | Offered knowledge of Mephitic Cloud by Vehumet.
 11234 | D:7      | Learned a level 3 spell: Mephitic Cloud
 11421 | D:7      | Found a stormy altar of Qazlal.
 11521 | D:7      | Found a hide-covered altar of Uskayaw.
 12536 | D:7      | Found an ancient bone altar of Kikubaaqudgha.
 12756 | D:8      | Noticed Erica
 12766 | D:8      | Reached skill level 9 in Fire Magic
 13283 | D:8      | Reached skill level 5 in Axes
 13602 | D:8      | Found Ocecymos's Assorted Antiques.
 13617 | D:8      | Noticed Harold
 13628 | D:8      | HP: 1/96 [Harold (13)]
 13628 | D:8      | Slain by Harold

Illustrated notes

Levels and vault maps discovered:
D:1:      heliophobic_arrival_dark_side_of_the_moon, layout_basic,
          hellmonk_ecumenical_altar_run_dry, serial_shops,
          nicolae_shop_waterfront
D:2:      layout_basic
D:3:      layout_loops_corners, mainiacjoe_overflow_chevrons,
          mainiacjoe_overflow_catwalk, nicolae_overflow_squiral, uniq_natasha
D:4:      kennysheep_kobold_camp, layout_basic, ebering_ghost_reflecting_pool,
          uniq_ijyb
D:5:      layout_basic, temple_fountains, uniq_eustachio, uniq_duvessa
D:6:      lemuel_ratsnest, layout_basic, cheibrodos_sewer_entry_sluice,
          gammafunk_ghost_nasty_kobolds, grunt_decor_junction, minmay_ruffians,
          uniq_prince_ribbit1
D:7:      layout_basic, mainiacjoe_overflow_swirl,
          mainiacjoe_overflow_six_doors_small
D:8:      layout_loops_ring, serial_shops, nicolae_shop_crystal, uniq_harold,
          uniq_erica
Temple:   eino_temple_water

Skill      XL: |  1  2  3  4  5  6  7  8  9 10 |
---------------+-------------------------------+-----
Conjurations   | 1 2 3 4 |  4.8
Fighting       | 1 2 3 4 5 |  5.5
Fire Magic     | 3 4 5 6 8 9 |  9.1
Spellcasting   | 3 4 5 6 8 |  8.4
Dodging        | 2 3 |  3.6
Axes           | 1 3 5 |  5.2
Stealth        | |  1.4

Action                   |  1- 3 |  4- 6 |  7- 9 | 10-12 || total
-------------------------+-------+-------+-------+-------++-------
Melee: Mace              |    14 |    24 |       |       ||    38
       Unarmed           |     1 |       |       |       ||     1
       Flail             |       |     8 |     8 |       ||    16
       Punch             |       |     1 |       |       ||     1
       Executioner's axe |       |       |    79 |    89 ||   168
 Cast: Foxfire           |    34 |    56 |    91 |     7 ||   188
       Scorch            |     3 |    42 |   102 |    41 ||   188
       Conjure Flame     |       |     2 |       |     1 ||     3
       Flame Wave        |       |       |     3 |     1 ||     4
       Fireball          |       |       |       |     1 ||     1
       Inner Flame       |       |       |       |     1 ||     1
  Use: Scroll            |     4 |       |     5 |     7 ||    16
       Potion            |       |       |     3 |     3 ||     6
 Stab: Sleeping          |       |       |     2 |       ||     2
Armor: Robe              |     4 |    13 |    11 |       ||    28
       Quicksilver drago |       |       |   111 |    83 ||   194
Dodge: Dodged            |    13 |    22 |   115 |    81 ||   231

Table legend: (Time is in decaauts)
 A = Elapsed time spent in this place.
 B = Non-inter-level travel time spent in this place.
 C = Inter-level travel time spent in this place.
 D = Time resting spent in this place.
 E = Time spent auto-exploring this place.
 F = Levels seen in this place.
 G = Mean time per level.
                   A        B        C        D        E       F      G
               +--------+--------+--------+--------+--------+-----+--------+
         Total |  13774 |  13333 |    441 |   4522 |   6845 |  10 | 1377.4 |
       Dungeon |  12809 |  12384 |    425 |   4427 |   6211 |   8 | 1601.1 |
        Temple |     96 |     80 |     16 |      0 |     65 |   1 |   96.0 |
         Sewer |    868 |    868 |      0 |     95 |    569 |   1 |  868.0 |
               +--------+--------+--------+--------+--------+-----+--------+

Top non-repeatable levels by time:
     D:6: 2462 daAuts
     D:7: 2086 daAuts
     D:4: 1982 daAuts
     D:5: 1873 daAuts
     D:3: 1734 daAuts
     D:2: 1352 daAuts
     D:1: 960 daAuts
   Sewer: 868 daAuts
     D:8: 357 daAuts
  Temple: 96 daAuts
